AoeStats
← buzzkill

Nomad

510437266Analyzed
3v3 RM · 16h ago on Oct 1, 2026· 53m 23s· 6 players
Game mode
Random Map
Map size
210×210
Population
200
Speed
Normal
Resources
Standard
Victory
Conquest
Starting age
Dark Age
Ending age
Imperial Age
RankedLock teamsTeams togetherTeam positionsShared explorationLock speedFull tech treeHidden civsTurbo modeCheats
Victory
Defeat
🇮🇳 Wu · India
1302
+16
🇧🇷 Burmese · Brazil
1242
+19
🇺🇸 Celts · United States
1220
+20
🇧🇷 Ethiopians · Brazil
1321
-19
🇧🇷 Koreans · Brazil
1312
-19
🇺🇸 Persians · United States
1283
-17
TmZ_ Batera1983
3:16 Loom
15:02 Feudal Age
15:41 Double-Bit Axe
19:23 Castle Age
18:15 Horse Collar
19:52 Fletching
20:02 Padded Archer Armor
20:00 Crossbowman
20:40 Bodkin Arrow
23:39 Wheelbarrow
24:11 Leather Archer Armor
24:37 Ballistics
25:12 Town Watch
37:24 Imperial Age
36:21 Bow Saw
36:13 Heavy Plow
38:11 Bracer
38:33 Thumb Ring
39:24 Arbalester
44:34 Ring Archer Armor
45:07 Chemistry
Lopes
5:30 Loom
13:13 Feudal Age
17:38 Castle Age
17:06 Fletching
17:10 Stone Mining
29:23 Double-Bit Axe
31:37 Bow Saw
31:18 Horse Collar
33:38 Wheelbarrow
40:12 Imperial Age
38:44 Heavy Plow
39:36 Scale Barding Armor
39:56 Forging
40:07 Bloodlines
39:57 Husbandry
42:15 Two-Man Saw
41:23 Cavalier
42:55 Conscription
44:48 Chain Barding Armor
45:48 Iron Casting
48:32 Blast Furnace
48:08 Plate Barding Armor
49:10 Savar
49:49 Savar
52:43 Light Cavalry
TmZ_Snatch
3:26 Loom
15:38 Feudal Age
16:40 Double-Bit Axe
19:28 Fletching
29:58 Castle Age
30:56 Medium Warships
32:57 Wheelbarrow
32:55 Bow Saw
32:56 Crossbowman
37:32 Bodkin Arrow
38:59 Ballistics
40:03 Husbandry
44:41 Hand Cart
47:59 Imperial Age
46:12 Elite Skirmisher
48:04 Arbalester
48:47 Bracer
48:10 Cavalier
50:50 Chemistry
buzzkill
5:23 Loom
14:10 Feudal Age
14:44 Double-Bit Axe
19:29 Castle Age
20:59 Husbandry
34:14 Imperial Age
33:05 Wheelbarrow
34:37 Onager
35:48 Ballistics
35:28 Cavalier
38:39 Hand Cart
40:26 Siege Onager
44:19 Siege Engineers
43:44 Pikeman
47:37 Halberdier
48:41 Furor Celtica
holamyth
6:47 Loom
12:45 Feudal Age
16:45 Castle Age
21:02 Fletching
22:21 Bodkin Arrow
24:45 Fishing Lines
33:13 Medium Warships
36:02 Imperial Age
34:38 Padded Archer Armor
36:12 Gillnets
37:36 Ballistics
39:46 Bracer
42:36 Chemistry
43:30 Leather Archer Armor
Leo Javier
6:04 Loom
17:11 Feudal Age
28:42 Castle Age
30:42 Fishing Lines
33:38 Gillnets
34:17 Fletching
34:39 Forging
37:00 Wheelbarrow
36:40 Stone Mining
36:45 Town Watch
40:55 Imperial Age
40:08 Hand Cart
41:07 Bodkin Arrow
41:36 Husbandry
41:47 Bloodlines
43:21 Manipur Cavalry
45:32 Conscription
44:48 Elite Arambai
46:16 Padded Archer Armor
47:07 Bracer
48:36 Iron Casting
50:29 Blast Furnace
52:49 Ballistics
53:31 Chemistry
52:53 Siege Engineers
52:59 Masonry
Connection lost

Rejoining the realm…

Still unreachable

The connection could not be restored.

Session expired

The server has moved on; the page needs a fresh start.